Construct Section Command Post
Construct Platoon Command Post
Selects Canadian Shock Battlegroup
Selects Canadian Shock Battlegroup
6-pounder Anti-tank Gun Team
Construct Field Infirmary
6-pounder Anti-tank Gun Team
Construct Company Command Post
Selects Canadian Shock Section
Selects Incendiary Munitions
Construct Field Infirmary
Unlock Towed 17-pounder Anti-tank Guns
Selects Churchill Crocodile Heavy Tank
Churchill Crocodile Heavy Tank
17-pounder Anti-tank Gun Team